 Dungeon Crawl Stone Soup version 0.29.0-11-gd7f09526c8 (webtiles) character file.

Game seed: 17062506040921361884

1046 xian the Cudgeller (level 8, -1/73 (78) HPs)
             Began as a Troll Chaos Knight on Sept 2, 2022.
             Was a Plaything of Xom.
             Slain by a scorpion (5 damage)
             ... summoned by Xom
             ... on level 5 of the Dungeon.
             The game lasted 00:10:29 (4402 turns).

xian the Cudgeller (Troll Chaos Knight)             Turns: 4402, Time: 00:10:30

HP:   -1/73 (78)    AC:  6    Str: 23      XL:     8   Next: 5%
MP:   7/7           EV: 26    Int:  7 (8)  God:    Xom [......]
Gold: 305           SH:  0    Dex: 15      Spells: 7/7 levels left

rFire   . . .      SeeInvis .   n - +2 whip (elec)
rCold   . . .      Faith    .   (no shield)
rNeg    . . .      Spirit   .   q - +1 robe "Fiewoghu" {Stlth+}
rPois   .          Reflect  .   (helmet restricted)
rElec   .          Harm     .   r - +0 cloak
rCorr   .          Rampage  .   (gloves unavailable)
Will    .....                   (boots unavailable)
Stlth   +++.......              f - amulet of the acrobat
HPRegen 1.02/turn               w - +6 ring of dexterity
MPRegen 0.10/turn               y - ring of wizardry

@: about to teleport, acrobatic, drained
A: large, unfitting armour, claws 3, regeneration 1, shaggy fur 1, tough skin 1,
inability to drink after injury 1
a: Renounce Religion


You were on level 5 of the Dungeon.
You worshipped Xom.
You were a very special plaything of Xom.
You visited 1 branch of the dungeon, and saw 5 of its levels.

You collected 305 gold pieces.

Inventory:

Hand Weapons
 a - a +0 mace of chaos
 n - a +2 whip of electrocution (weapon)
Missiles
 D - 7 poisoned darts (quivered)
Armour
 b - a +2 robe
 p - a scarf of harm
 q - the +1 robe "Fiewoghu" (worn) {Stlth+}
   (You found it on level 3 of the Dungeon)

   Stlth:     It makes you more stealthy.
 r - a +0 cloak (worn)
Jewellery
 f - an amulet of the acrobat (around neck)
 w - a +6 ring of dexterity (left claw)
 y - a ring of wizardry (right claw)
 F - an amulet of magic regeneration
Wands
 t - a wand of flame (14)
Scrolls
 d - 6 scrolls of teleportation
 e - 3 scrolls of blinking {unknown}
 g - 2 scrolls of noise {unknown}
 h - 3 scrolls of identify {unknown}
 i - 2 scrolls of silence {unknown}
 k - 2 scrolls of enchant armour {unknown}
 m - 2 scrolls of butterflies {unknown}
 o - 2 scrolls of summoning {unknown}
 s - a scroll of magic mapping {unknown}
 C - a scroll of enchant weapon {unknown}
Potions
 j - 2 potions of mutation {unknown}
 l - 8 potions of curing {unknown}
 u - 2 potions of haste
 v - a potion of attraction {unknown}
 x - a potion of degeneration {unknown}
 z - a potion of heal wounds {unknown}
 A - a potion of magic {unknown}
 B - a potion of lignification {unknown}
 E - a potion of cancellation {unknown}
 G - 2 potions of might {unknown}
Miscellaneous
 c - a piece from Xom's chessboard (15/15)


   Skills:
 + Level 3.9 Fighting
 + Level 6.3 Maces & Flails
 + Level 4.3 Dodging
 + Level 1.9 Stealth
 + Level 0.3 Unarmed Combat


You had 7 spell levels left.
You didn't know any spells.
Your spell library contained the following spells:

 Spells                   Type           Power      Damage    Failure   Level
 Call Canine Familiar     Summ           0%         N/A       45%         3
 Portal Projectile        Hex/Tloc       0%         N/A       45%         3
 Stone Arrow              Conj/Erth      0%         3d7       45%         3
 Teleport Other           Tloc           0%         N/A       45%         3
 Leda's Liquefaction      Hex/Erth       0%         N/A       86%         4


Dungeon Overview and Level Annotations

Branches:
Dungeon (5/15)
 Temple: D:4-7

Altars:
Cheibriados
Fedhas
Kikubaaqudgha
Qazlal
Ru
Xom


Innate Abilities, Weirdness & Mutations

You are too large for most types of armour.
You have claws for hands.
Your natural rate of healing is unusually fast.
You are covered in fur. (AC +1)
You have tough skin. (AC +1)
You occasionally lose the ability to drink potions when taking damage.


Message History

The orc wizard mumbles some strange words.
The orc wizard flickers and vanishes!
Deactivating autopickup; reactivate with Ctrl-A.
The orc priest hits you but does no damage.
The orc closely misses you. The orc hits you but does no damage.
The orc closely misses you.
As you read the scroll of teleportation, it crumbles to dust.
You feel strangely unstable. The scorpion stings you. The orc misses you.
The iguana bites you. The orc hits you but does no damage.
Something hits you but does no damage. The orc priest hits you with a +0 club.
The orc hits you with a +0 club. The orc hits you with a +0 flail.
You hit the iguana but do no damage. Lightning courses through the iguana!
The iguana is almost dead.
The scorpion stings you. The orc hits you with a +0 falchion.
* * * LOW HITPOINT WARNING * * *
The iguana bites you but does no damage.
Something hits you.
* * * LOW HITPOINT WARNING * * *
The orc priest hits you with a +0 club.
* * * LOW HITPOINT WARNING * * *
The orc hits you but does no damage. The orc barely misses you.
The orc hits you with a +0 flail.
* * * LOW HITPOINT WARNING * * *
Xom is mildly amused.
You hit the iguana but do no damage. Lightning courses through the iguana!
You kill the iguana!
The iguana's corpse disappears in a puff of smoke!
The scorpion stings you but does no damage.
Unknown command.
Something hits you.
* * * LOW HITPOINT WARNING * * *
The orc attacks as you move away! The orc barely misses you.
The orc hits you but does no damage. The orc misses you.
The orc hits you with a +0 flail.
* * * LOW HITPOINT WARNING * * *
The scorpion misses you. The orc attacks as you move away!
The orc closely misses you. The orc attacks as you move away!
The orc hits you but does no damage. The scorpion stings you.
You die...

†..#.........#.######'##.........
#.##..#+####.#.######'##.........
#.##.....................#..#####
#+##.........##..........#..##...
.....#.......##..........#..##.##
.....#......>##o{........#.......
.....#######.##ooo.......#.###...
.....#######.##o§s.......#.#.#...
.....'..........@........#.#.#...
.....##...#..............#.#.#.##
.....##...#..............#.......
.....##...#......................
............).............###..##
......................^...###..##
..............#...........'.#....
............<.#...........#[##.##
..............###+###.....#.##...


You could see a scorpion (summoned), an orc priest (summoned) and 4 orcs.

Vanquished Creatures
  Grinder (D:3)
  Sigmund (D:3)
  A sky beast (D:4)
  An ogre (D:5)
  A phantom (D:4)
  2 scorpions (D:5)
  2 jellies (D:4)
  3 hounds (D:5)
  2 iguanas
  2 adders (D:5)
  3 dart slugs
  2 orcs (D:4)
  7 ball pythons
  5 bats
  4 endoplasms
  3 giant cockroaches
  5 goblins
  7 hobgoblins
  11 jackals
  A quokka (D:3)
  3 frilled lizards
  7 kobolds
  5 rats
79 creatures vanquished.

Vanquished Creatures (collateral kills)
  Jessica (D:3)
  A giant cockroach (D:3)
  A goblin (D:3)
3 creatures vanquished.

Vanquished Creatures (others)
  9 fungi (D:3)
  A plant (D:3)
10 creatures vanquished.

Grand Total: 92 creatures vanquished

Notes
Turn   | Place    | Note
-------+----------+-------------------------------------------
     0 | D:1      | xian the Troll Chaos Knight began the quest for the Orb.
     0 | D:1      | Reached XP level 1. HP: 22/22 MP: 0/0
    80 | D:1      | XOM: noise
    81 | D:1      | XOM: silly message
   132 | D:1      | Reached XP level 2. HP: 29/29 MP: 1/1
   142 | D:1      | Reached skill level 3 in Maces & Flails
   142 | D:1      | XOM: potion effect (might)
   179 | D:1      | XOM: silly message
   404 | D:1      | XOM: smoke on damage
   494 | D:1      | XOM: noise
   628 | D:2      | XOM: divination: detect creatures
   878 | D:2      | Reached XP level 3. HP: 36/36 MP: 2/2
  1126 | D:2      | Found a shimmering altar of Xom.
  1167 | D:2      | XOM: 5-stop teleportation journey
  1560 | D:2      | XOM: silly message
  1734 | D:3      | Found a faded altar of an unknown god.
  1739 | D:3      | XOM: give mutations
  1739 | D:3      | Gained mutation: You are agile. (Dex +4, Str/Int -1) [Xom's
                  | mischief]
  1739 | D:3      | Lost mutation: You are agile. (Dex +4, Str/Int -1) [Xom's
                  | mischief]
  1739 | D:3      | Gained mutation: You occasionally lose the ability to drink
                  | potions when taking damage. [Xom's mischief]
  1753 | D:3      | Identified the +1 robe "Fiewoghu" {Stlth+}
  1784 | D:3      | XOM: god gift: 4 stones
  1855 | D:3      | Noticed Grinder
  1858 | D:3      | Noticed Jessica
  1889 | D:3      | XOM: blink monster(s)
  1893 | D:3      | XOM: summons 2 friendly demons
  1908 | D:3      | XOM: noise
  1911 | D:3      | Paralysed by Grinder for 4 turns
  1916 | D:3      | XOM: summons friendly white imp
  1920 | D:3      | Killed Jessica
  1921 | D:3      | Reached skill level 4 in Maces & Flails
  1921 | D:3      | Reached XP level 4. HP: 42/44 MP: 3/3
  1922 | D:3      | Paralysed by Grinder for 4 turns
  1924 | D:3      | Noticed Sigmund
  1932 | D:3      | Paralysed by Grinder for 2 turns
  1937 | D:3      | XOM: cast spell 'Leda's Liquefaction'
  1940 | D:3      | Killed Grinder
  1941 | D:3      | Reached XP level 5. HP: 39/53 MP: 4/4
  1948 | D:3      | Killed Sigmund
  1949 | D:3      | Reached skill level 5 in Maces & Flails
  1949 | D:3      | Reached XP level 6. HP: 15/61 MP: 5/5
  2195 | D:3      | Found a blossoming altar of Fedhas.
  2210 | D:3      | XOM is BORED!
  2218 | D:3      | XOM: cloud trail
  2292 | D:3      | Found a sacrificial altar of Ru.
  2383 | D:3      | Got the Parchment of the Displaced Lithosphere
  2485 | D:3      | Found an ancient bone altar of Kikubaaqudgha.
  2509 | D:3      | XOM: noise
  2640 | D:4      | Found a stormy altar of Qazlal.
  2953 | D:4      | Reached skill level 1 in Stealth
  3092 | D:4      | Reached XP level 7. HP: 66/67 MP: 6/6
  3318 | D:4      | XOM: 3-stop teleportation journey
  3602 | D:5      | Entered Level 5 of the Dungeon
  3627 | D:5      | Reached skill level 6 in Maces & Flails
  3681 | D:5      | XOM: noise
  3694 | D:5      | XOM: draining
  3776 | D:5      | XOM: give mutations
  3776 | D:5      | Gained mutation: You sometimes lose the ability to drink
                  | potions when taking damage. [Xom's mischief]
  3776 | D:5      | Lost mutation: You sometimes lose the ability to drink
                  | potions when taking damage. [Xom's mischief]
  3776 | D:5      | Gained mutation: You sometimes lose the ability to drink
                  | potions when taking damage. [Xom's mischief]
  3776 | D:5      | Lost mutation: You sometimes lose the ability to drink
                  | potions when taking damage. [Xom's mischief]
  3791 | D:5      | Found a snail-covered altar of Cheibriados.
  3814 | D:5      | Identified the +2 ring mail "Mecer" {Dex+2}
  3832 | D:5      | XOM: summons 3 hostile shadow creatures
  3846 | D:5      | XOM: summons 1 hostile demon
  3849 | D:5      | Reached XP level 8. HP: 28/72 MP: 7/7
  4323 | D:5      | XOM: stat loss: -1 Int (7/8)
  4391 | D:5      | XOM: summons 4 hostile shadow creatures
  4401 | D:5      | HP: 3/73 [orc/+0 flail[Xom] (4)]
  4402 | D:5      | Slain by a scorpion

Illustrated notes

Levels and vault maps discovered:
D:1:      amcnicky_arrival_underground_garden, layout_basic,
          amcnicky_mini_rare_corridor_liquid
D:2:      layout_loops_corners, basic_altar, kennysheep_donut
D:3:      layout_basic, fedhas_altar_3, mainiacjoe_overflow_alcove_4,
          nicolae_ru_the_path_less_chosen, hellmonk_ecumenical_altar_lost_god,
          uniq_grinder, uniq_jessica, uniq_sigmund
D:4:      layout_loops_corners, nicolae_qazlal_general_emergency
D:5:      layout_basic, mainiacjoe_overflow_surrounded_room

Skill      XL: |  1  2  3  4  5  6  7 |
---------------+----------------------+-----
Dodging        | 2 3 4 |  4.3
Maces & Flails | 3 4 5 6 |  6.3
Fighting       | 3 |  3.9
Stealth        | 1 |  1.9
Unarmed Combat | |  0.3

Action                   |  1- 3 |  4- 6 |  7- 9 || total
-------------------------+-------+-------+-------++-------
Melee: Mace              |    64 |       |       ||    64
       Whip              |    37 |    66 |   121 ||   224
       Unarmed           |     4 |       |       ||     4
       Punch             |       |       |     2 ||     2
Evoke: Piece from Xom's  |       |     1 |       ||     1
  Use: Scroll            |       |     1 |     1 ||     2
 Stab: Sleeping          |       |     2 |     5 ||     7
Armor: Robe              |    47 |    15 |    40 ||   102
Dodge: Dodged            |   120 |    42 |    80 ||   242
